 Seeded DCSS version 0.30.1-4-g462c640d31 (webtiles) character file.

Game seed: 15660985446129201502 (custom seed)

112 AccursedSamuel the Ducker (level 4, 0/29 HPs)
             Began as a Tengu Monk on Sept 12, 2023.
             Killed by divine providence
             ... invoked by an orc priest
              (15 damage)
             ... on level 3 of the Dungeon.
             The game lasted 00:03:40 (1528 turns).

AccursedSamuel the Ducker (Tengu Monk)              Turns: 1528, Time: 00:03:40

Health: 0/29       AC:  3    Str: 12 (13) XL:     4   Next: 93%
Magic:  5/5        EV: 14    Int:  9 (10) God:
Gold:   94         SH:  0    Dex: 16 (17) Spells: 3/3 levels left

rFire   . . .        e - +4 quick blade (protect)
rCold   . . .        d - orb {light}
rNeg    . . .        (no body armour)
rPois   .            (helmet restricted)
rElec   .            r - +2 cloak
rCorr   .            (no gloves)
SInv    .            (boots unavailable)
Will    .....        (no amulet)
Stlth   +            (no ring)
HPRegen 0.24/turn    (no ring)
MPRegen 0.09/turn

%: no passive effects
@: glowing
A: beak, talons 3
a: no special abilities


You were on level 3 of the Dungeon.
You visited 1 branch of the dungeon, and saw 3 of its levels.

You collected 94 gold pieces.

Inventory:

Hand Weapons
 a - a +0 falchion
 e - a +4 quick blade of protection (weapon)
 q - a +3 quarterstaff of chaos
Armour
 d - an orb of light (worn)
 r - a +2 cloak (worn)
Jewellery
 i - a +4 ring of protection
Scrolls
 b - a scroll of fog {unknown}
 j - 4 scrolls of teleportation
Potions
 c - a potion of ambrosia
 h - a potion of magic


   Skills:
 + Level 3.7 Fighting
 + Level 1.2(3.0) Short Blades
 + Level 4.2(4.3) Long Blades
 + Level 4.3 Dodging


You had 3 spell levels left.
You didn't know any spells.
Your spell library contained the following spells:

 Spells                   Type           Power      Damage    Failure   Level
 Cigotuvi's Dreadful Rot  Necr/Pois/Air  0%         N/A       52%         2
 Lesser Beckoning         Tloc           0%         N/A       52%         2
 Gell's Gravitas          Tloc           0%         N/A       77%         3
 Ignite Poison            Fire/Tmut/Pois 0%         N/A       77%         3
 Teleport Other           Tloc           0%         N/A       77%         3
 Dispel Undead            Necr           0%         3d6       99%         4
 Sticky Flame             Conj/Fire      0%         2d3       99%         4
 Death Channel            Necr           0%         N/A       100%        6
 Ignition                 Fire           0%         3d3       100%        8


Dungeon Overview and Level Annotations

Branches:
Dungeon (3/15)

Altars:


Innate Abilities, Weirdness & Mutations

You have a beak for a mouth.
You have claws for feet.


Message History

A rat comes into view.
A rat is nearby!
You hit the rat.
Your weapon exudes an aura of protection.
You kill the rat!
You see here a rat corpse.
A dart slug comes into view.
The dart slug launches a dart at you. The slug dart hits you.
A dart slug is nearby!
A dart slug is nearby!
The dart slug briefly extends its eye-stalks.
The dart slug launches a dart at you. The slug dart hits you.
You hit the dart slug.
Your weapon exudes an aura of protection.
You claw the dart slug.
The dart slug is almost dead.
The dart slug launches a dart at you.
The slug dart hits you but does no damage.
You hit the dart slug.
You kill the dart slug!
You see here a dart slug corpse.
HP restored.
Found a stone staircase leading down.
You see here 4 stones.
An orc priest comes into view. It is wielding a +0 short sword.
The orc priest shouts!
You hear a shout!
The orc priest invokes the aid of Beogh against you.
Pain shoots through your body!
An orc priest is nearby!
The orc priest mumbles some strange prayers to Beogh against you.
Pain shoots through your body!
The orc priest looks braver for a moment.
A dart slug comes into view.
An orc priest comes into view. It is wielding a +0 hand axe.
The orc priest calls down the wrath of Beogh upon you.
Beogh smites you!
Ouch! That really hurt!
You die...

####################
................@..#
###.####.#########o#
#.# #.# .# #.# #.#
wo ###.####.# ##
.........#
#.####..># ..# #.#.#
### #.#.###########


You could see 2 orc priests and a dart slug (wandering).

Vanquished Creatures
  Crazy Yiuf (D:2)
  Jessica (D:2)
  An adder (D:2)
  2 dart slugs
  5 endoplasms
  2 giant cockroaches (D:2)
  5 goblins
  3 hobgoblins
  4 kobolds
  4 quokkas
  3 ball pythons
  2 bats
  4 frilled lizards (D:2)
  6 rats
  A spectral kobold (D:2)
44 creatures vanquished.

Notes
Turn   | Place    | Note
-------+----------+-------------------------------------------
     0 | D:1      | AccursedSamuel the Tengu Monk began the quest for the Orb.
     0 | D:1      | Reached XP level 1. HP: 14/14 MP: 2/2
    72 | D:1      | Reached XP level 2. HP: 17/19 MP: 3/3
   128 | D:1      | Identified a scroll of acquirement
   128 | D:1      | Acquired a +4 quick blade of protection
   337 | D:2      | Noticed Jessica
   345 | D:2      | Killed Jessica
   346 | D:2      | Reached XP level 3. HP: 17/23 MP: 4/4
   539 | D:2      | Reached XP level 4. HP: 18/28 MP: 5/5
   626 | D:2      | Found a faded altar of an unknown god.
   752 | D:2      | Found a runed translucent door.
   753 | D:2      | Noticed Crazy Yiuf
   882 | D:2      | Killed Crazy Yiuf
   883 | D:2      | Reached skill level 1 in Short Blades
  1528 | D:3      | Killed from afar by an orc priest

Illustrated notes

Levels and vault maps discovered:
D:1:      minmay_arrival_pointy, layout_loops_ring, minmay_gold_behind_fungi
D:2:      layout_basic, dreamdust_ecumenical_altar_drowned_temple,
          hangedman_decor_clover_reticule, fountainhead,
          uniq_crazy_yiuf_cottage, uniq_jessica
D:3:      layout_loops_ring, general_overflow_altar, serial_bayou_pond_d

Skill      XL: |  1  2  3  4 |
---------------+-------------+-----
Dodging        | 4 |  4.3
Long Blades    | 4 |  4.2
Short Blades   | 1 |  1.2
Fighting       | |  3.7

Action                     |  1- 3 |  4- 6 || total
---------------------------+-------+-------++-------
  Melee: Falchion          |    13 |       ||    13
         Kick              |    16 |    10 ||    26
         Peck              |     7 |     5 ||    12
         Quick blade       |    35 |    27 ||    62
    Use: Scroll            |     1 |     4 ||     5
         Potion            |       |     5 ||     5
 Armour: Robe              |    11 |     1 ||    12
         Skin              |       |     4 ||     4
  Dodge: Dodged            |    37 |    18 ||    55
